Map: Beckett Industries LE

Players

Semper - Winner!

  • Race: Terran Terran

Vindicta

  • Race: Terran Terran

Event: DreamHack SC2 Masters 2021 Fall

VOD

Have the link to the VOD?

Description

Time

  • Played on: Aug. 4, 2021, 4:15 p.m.
  • Length: 10:12

All games in this series

Show
View Real Time Build Order
Export as new Build Order

Semper Terran - Winner!

Build Orders: Cyclone Opening 

Get SALT Encoding   

  12  0:00  SCV  
  13  0:12  SCV  
  14  0:17  Supply Depot  
  14  0:24  SCV  
  15  0:39  SCV  
  15  0:40  Barracks  
  16  0:44  Refinery  
  16  0:51  SCV  
  16  0:54  Refinery  
  17  1:03  SCV  
  18  1:15  SCV  
  19  1:27  Reaper, Orbital Command  
  20  1:36  Supply Depot  
  20  1:43  Factory  
  20  1:53  SCV  
  21  1:59  Reaper  
  22  2:05  SCV  
  23  2:17  SCV  
  24  2:23  Command Center  
  24  2:28  Factory Tech Lab  
  24  2:30  SCV  
  24  2:32  Barracks Reactor  
  25  2:41  Supply Depot  
  25  2:43  SCV  
  26  2:46  Cyclone  
  29  2:55  SCV  
  29  2:57  Starport  
  30  3:08  SCV  
  31  3:16  Marine x2  
  32  3:20  SCV  
  33  3:32  Refinery, SCV, Siege Tank  
  36  3:34  Marine x2  
  38  3:42  Orbital Command  
  38  3:45  SCV  
  39  3:51  Starport Tech Lab  
  39  3:57  Marine x2, SCV  
  42  4:08  SCV  
  42  4:09  SCV, Raven  
  44  4:15  Marine x2  
  48  4:20  SCV  
  48  4:21  Siege Tank  
  48  4:23  SCV, Supply Depot  
  53  4:26  Supply Depot  
  53  4:33  SCV  
  54  4:45  Marine x2, SCV  
  57  4:47  Command Center  
  57  4:51  SCV  
  57  4:52  Raven  
  58  4:57  Supply Depot  
  60  5:00  Siege Tank  
  60  5:01  SCV  
  60  5:06  SCV  
  65  5:13  SCV  
  66  5:14  Marine x2  
  66  5:20  Supply Depot  
  68  5:21  SCV  
  68  5:27  SCV  
  70  5:34  SCV, Barracks x2  
  71  5:43  Siege Tank  
  71  5:44  SCV  
  75  5:53  SCV  
  75  5:57  SCV  
  75  6:03  Orbital Command  
  76  6:05  Marine  
  76  6:06  Refinery, Viking x2, Engineering Bay, Stimpack  
  76  6:07  Engineering Bay  
  81  6:13  SCV  
  81  6:15  Siege Tank  
  81  6:16  SCV  
  84  6:27  Barracks Reactor x2  
  84  6:28  Marine  
  84  6:30  SCV  
  85  6:34  SCV  
  85  6:41  Viking x2  
  85  6:44  SCV  
  85  6:45  Marine  
  85  6:46  Orbital Command  
  91  6:48  Terran Infantry Weapons Level 1  
  91  6:51  Barracks  
  91  6:54  SCV  
  92  7:08  Siege Tank  
  86  7:09  SCV  
  86  7:12  Viking x2  
  84  7:23  Marine x4  
  84  7:24  Marine  
  84  7:26  Terran Infantry Armor Level 1  
  84  7:28  SCV x2, Barracks  
  84  7:29  SCV  
  92  7:40  SCV  
  92  7:41  Refinery, SCV x2, Marine x2  
  92  7:43  Refinery  
  97  7:45  Combat Shield  
  97  7:47  Marine, Siege Tank  
  101  7:53  Supply Depot  
  101  7:54  Marine x2, SCV x3  
  101  7:55  Supply Depot  
  106  7:59  Marine  
  106  8:06  Medivac  
  106  8:07  SCV  
  109  8:14  Medivac  
  109  8:15  SCV x2  
  109  8:16  Marine, Barracks Reactor  
  109  8:17  Barracks Reactor  
  109  8:19  SCV  
  115  8:20  Supply Depot, Sensor Tower  
  115  8:21  Supply Depot  
  115  8:25  Armory  
  115  8:27  Missile Turret  
  115  8:32  Missile Turret  
  114  8:34  Siege Tank  
  114  8:38  SCV  
  114  8:40  Marine x3  
  120  8:58  SCV  
  120  9:00  Marine x9  
  120  9:01  Medivac x2  
  132  9:03  SCV x2  
  132  9:06  Siege Tank  
  132  9:09  Factory  
  137  9:11  Supply Depot  
  128  9:18  Marine  
  128  9:21  Marine  
  113  9:26  Marine x6  
  113  9:31  Medivac x2  
  123  9:38  Siege Tank  
  123  9:39  Marine x3  
  123  9:42  Missile Turret  
  123  9:43  Missile Turret  
  123  9:44  Marine x2  
Show
View Real Time Build Order
Export as new Build Order

Vindicta Terran 

Build Orders: Cyclone Opening 

Get SALT Encoding   

  12  0:00  SCV  
  13  0:12  SCV  
  14  0:17  Supply Depot  
  14  0:24  SCV  
  15  0:38  SCV  
  15  0:40  Barracks  
  16  0:45  Refinery  
  16  0:49  Refinery  
  16  0:55  SCV  
  17  1:07  SCV  
  18  1:19  SCV  
  19  1:28  Reaper  
  19  1:31  Orbital Command  
  20  1:34  Supply Depot  
  20  1:46  Factory  
  20  1:57  SCV  
  20  2:01  Barracks Reactor  
  21  2:09  SCV  
  22  2:27  SCV  
  22  2:36  Factory Tech Lab  
  22  2:38  Reaper x2  
  22  2:39  SCV  
  22  2:40  Command Center  
  25  2:46  Supply Depot  
  25  2:52  SCV  
  25  2:55  Cyclone  
  29  3:04  SCV  
  28  3:17  SCV  
  28  3:21  Marine, Starport  
  28  3:22  Marine  
  30  3:29  SCV  
  31  3:37  Factory Tech Lab  
  31  3:38  Marine  
  31  3:40  Marine  
  32  3:44  SCV  
  33  3:51  Refinery  
  33  3:56  Marine, SCV  
  33  3:57  Marine  
  36  4:04  Orbital Command  
  36  4:08  SCV, Raven  
  39  4:16  Siege Tank  
  42  4:20  Marine, SCV  
  42  4:22  Marine  
  45  4:30  SCV  
  46  4:32  SCV  
  46  4:38  Marine, Supply Depot  
  47  4:39  Marine  
  47  4:42  SCV  
  50  4:48  Siege Tank  
  50  4:49  SCV  
  54  4:59  Raven, SCV  
  57  5:00  Supply Depot  
  57  5:01  Marine, SCV  
  57  5:03  Marine  
  60  5:12  SCV  
  60  5:13  SCV  
  62  5:16  Supply Depot  
  62  5:21  Marine x2  
  62  5:23  Siege Tank  
  62  5:24  SCV  
  62  5:25  SCV  
  69  5:33  Supply Depot  
  69  5:36  SCV  
  69  5:38  SCV  
  69  5:39  Marine  
  71  5:45  Command Center  
  71  5:49  Raven  
  73  5:53  SCV  
  73  5:54  SCV  
  72  5:58  Siege Tank  
  72  6:02  Refinery  
  72  6:03  Marine x2  
  77  6:05  SCV  
  77  6:06  SCV  
  78  6:17  SCV  
  79  6:18  SCV  
  79  6:23  Barracks  
  79  6:25  Barracks  
  80  6:30  SCV x2  
  80  6:35  Siege Tank  
  80  6:42  SCV x2  
  80  6:44  Engineering Bay  
  80  6:45  Supply Depot  
  80  6:46  Engineering Bay  
  82  6:54  SCV  
  83  6:55  Viking  
  83  7:01  Marine  
  86  7:05  Orbital Command  
  86  7:06  SCV x2, Viking  
  86  7:07  Stimpack  
  77  7:18  SCV  
  73  7:23  Barracks Reactor x2  
  73  7:25  Terran Infantry Armor Level 1, Terran Infantry Weapons Level 1  
  74  7:31  SCV x2  
  74  7:34  Orbital Command  
  77  7:39  Siege Tank, Starport Reactor  
  77  7:43  Marine, SCV  
  77  7:44  SCV  
  81  7:55  Supply Depot, SCV  
  81  7:56  SCV, Supply Depot  
  83  7:59  Barracks  
  83  8:00  Marine x4, SCV  
  83  8:03  Barracks  
  88  8:05  Marine  
  88  8:08  SCV, Sensor Tower  
  88  8:11  Siege Tank  
  92  8:13  SCV  
  92  8:17  Medivac x2  
  92  8:18  Marine x3  
  100  8:20  SCV x2  
  100  8:22  Marine  
  100  8:25  Marine  
  104  8:28  SCV  
  104  8:34  Refinery x2  
  104  8:36  Marine x3  
  104  8:40  Marine  
  105  8:42  SCV  
  105  8:43  Marine  
  105  8:46  Marine  
  105  8:47  Medivac x2  
  112  8:54  Marine x2  
  104  8:57  Marine  
  104  8:58  Marine  
  94  9:03  SCV x2  
  94  9:04  Marine  
  94  9:06  Barracks Reactor, Marine  
  94  9:11  Marine  
  94  9:12  Marine  
  94  9:15  Marine  
  94  9:16  Marine  
  79  9:18  SCV  
  79  9:20  SCV x2  
  67  9:25  Siege Tank  
  67  9:26  Liberator  
  67  9:30  SCV  
  70  9:32  SCV x2  
  70  9:33  Marine x2  
  70  9:34  Marine x2  
  70  9:37  Barracks Reactor  
  75  9:40  Marine  
  75  9:42  SCV  
  75  9:44  Marine x2, SCV x2  
  80  9:51  Marine x2  
  80  9:52  Marine x2  
  82  9:54  SCV  

Tags
 
Add a new tag
Caveats
  • Supply blocks, unpowered buildings, or Contaminate may cause inaccurate times.
  • Supply counts are checked every 10 seconds.